 Dungeon Crawl Stone Soup version 0.24.0-5-g267a8d59f4 (webtiles) character file.

Game seed: 9037095580651038316, levelgen mode: deterministic

1075 Arum the Shield-Bearer (level 8, -8/65 HPs)
             Began as a Formicid Fighter on Nov 1, 2019.
             Was a Follower of Cheibriados.
             Mangled by an orc warrior
             ... wielding a +0 halberd of flaming
              (22 damage)
             ... on level 6 of the Dungeon.
             The game lasted 00:06:14 (3654 turns).

Arum the Shield-Bearer (Formicid Fighter)           Turns: 3654, Time: 00:06:14

Health: -8/65      AC:  8    Str: 24    XL:     8   Next: 54%
Magic:  8/8        EV:  9    Int:  9    God:    Cheibriados [*.....]
Gold:   308        SH: 13    Dex: 14    Spells: 7/7 levels left

rFire    . . .     SeeInvis +   a - +0 quarterstaff
rCold    . . .     Gourm    .   e - +2 shield
rNeg     + . .     Faith    .   b - +0 scale mail
rPois    +         Spirit   .   (helmet unavailable)
rElec    .         Reflect  .   (no cloak)
rCorr    .         Harm     .   q - +0 pair of gloves
MR       .....                  (no boots)
Stlth    ..........             G - amulet of regeneration
HPRegen  0.60/turn              F - ring of positive energy
MPRegen  0.11/turn              I - ring of poison resistance

@: very slow
A: permanent stasis, dig shafts and tunnels, four strong arms, antennae 3
a: Dig, Shaft Self, Bend Time, Renounce Religion


You were on level 6 of the Dungeon.
You worshipped Cheibriados.
Cheibriados was aware of your devotion.
You were very hungry.

You visited 2 branches of the dungeon, and saw 7 of its levels.

You collected 308 gold pieces.

Inventory:

Hand Weapons
 a - a +0 quarterstaff (weapon)
Armour
 b - a +0 scale mail (worn)
 e - a +2 shield (worn)
 q - a +0 pair of gloves (worn)
Jewellery
 F - a ring of positive energy (left hand)
 G - an amulet of regeneration (around neck)
 I - a ring of poison resistance (right hand)
Wands
 c - a wand of iceblast (14)
 n - a wand of disintegration (18)
Scrolls
 g - 9 scrolls of identify
 h - a scroll of immolation {unknown}
 i - a scroll of blinking {unknown}
 k - a scroll of random uselessness {unknown}
 l - a scroll of fog {unknown}
 m - a scroll of enchant weapon {unknown}
 r - 5 scrolls of teleportation {unknown}
 u - 3 scrolls of amnesia {unknown}
 x - 4 scrolls of enchant armour {unknown}
 C - 3 scrolls of remove curse {unknown}
Potions
 d - a potion of might
 j - a potion of curing
 o - a potion of agility {unknown}
 p - a potion of flight {unknown}
 s - a potion of degeneration {unknown}
 t - a potion of ambrosia
 w - 2 potions of lignification {unknown}
 z - 2 potions of mutation {unknown}
 A - 2 potions of haste
 B - 2 potions of heal wounds {unknown}
 D - a potion of resistance
 E - a potion of berserk rage {unknown}
Comestibles
 f - 13 rations


   Skills:
 + Level 6.8 Fighting
 + Level 5.7 Staves
 - Level 3.2 Armour
 + Level 7.5 Shields


You had 7 spell levels left.
You didn't know any spells.
Your spell library contained the following spells:

 Spells                   Type           Power        Failure   Level  Hunger
 Apportation              Tloc           #.....       80%         1    ##.....
 Beastly Appendage        Tmut           #.....       80%         1    ##.....
 Infusion                 Chrm           #...         80%         1    ##.....
 Magic Dart               Conj           #...         80%         1    ##.....
 Sandblast                Erth           #.....       80%         1    ##.....
 Call Imp                 Summ           #.......     90%         2    ###....
 Passwall                 Tmut/Erth      #.......     90%         2    ###....
 Slow                     Hex            #.......     90%         2    ###....
 Sticks to Snakes         Tmut           #.......     90%         2    ###....
 Conjure Flame            Conj/Fire      #.......     99%         3    ####...
 Mephitic Cloud           Conj/Pois/Air  #.......     99%         3    ####...
 Ozocubu's Armour         Chrm/Ice       #.......     99%         3    ####...
 Spider Form              Tmut/Pois      #.........   99%         3    ####...
 Stone Arrow              Conj/Erth      #.....       99%         3    ####...
 Ice Form                 Ice/Tmut       #.......     100%        4    #####..
 Petrify                  Tmut/Erth      #.......     100%        4    #####..
 Blade Hands              Tmut           #.........   100%        5    ######.
 Lee's Rapid Deconstruct  Erth           #.........   100%        5    ######.
 Malign Gateway           Summ/Tloc      #.........   100%        7    #######
 Disjunction              Tloc           #.........   100%        8    #######
 Blink                    Tloc           Unusable     N/A         2    N/A

Dungeon Overview and Level Annotations

Branches:
Dungeon (6/15)             Temple (1/1) D:5

Altars:
Ashenzari
Cheibriados
Fedhas
Hepliaklqana
Kikubaaqudgha
Makhleb
Nemelex Xobeh
Okawaru
Sif Muna
Xom
Yredelemnul
The Shining One

Shops:
D:5 }

Annotations:
D:4 2 transporters


Innate Abilities, Weirdness & Mutations

You cannot be hasted, slowed, berserked, paralysed or teleported.
You can dig through walls and to a lower floor.
Your four strong arms can wield two-handed weapons with a shield.
You have a pair of large antennae on your head. (SInv)


Message History

You hit the orc warrior but do no damage.
The orc warrior hits you with a +0 halberd of flaming!
* * * LOW HITPOINT WARNING * * *
The orc warrior burns you.
* * * LOW HITPOINT WARNING * * *
You feel better. You block the orc warrior's attack.
Okay, then.
It was a potion of ambrosia.
You are confused.
You feel invigorated.
The orc warrior hits you with a +0 halberd of flaming!
* * * LOW HITPOINT WARNING * * *
The orc warrior burns you.
* * * LOW HITPOINT WARNING * * *
Unknown command.
You feel better.
You feel less invigorated.
It was a potion of haste.
Your stasis prevents you from being hasted.
The orc warrior hits you with a +0 halberd of flaming!!
You die...

#### ##..# #...# ####...# ##
#...#..###### #%.#
#.......##..## #...
####............# ###...#
##@##............# ##>....##
#o####...##.....## . .......##
##{###.###..###..# ..
#......###{#{.#.#....##..## ..
#.....#o#...{.......###..##
#.#......#....#.#...........##
#.......oa#..####.............
..#.......##.............#..##
#..)....#..............####


You could see an orc warrior.

Vanquished Creatures
  Eustachio (D:4)
  An ice beast (D:6)
  A sky beast (D:5)
  A phantom (D:6)
  An ogre (D:5)
  2 scorpions
  A howler monkey (D:5)
  3 crimson imps
  A bullfrog zombie (D:5)
  A jelly (D:5)
  2 hounds (D:4)
  Ijyb (D:2)
  A worker ant (D:5)
  4 adders
  3 gnolls (D:5)
  2 worms (D:2)
  3 leopard geckos
  6 orcs
  5 ball pythons
  4 bats
  A giant cockroach (D:4)
  14 goblins
  10 hobgoblins
  7 jackals
  8 kobolds
  A quokka (D:3)
  6 frilled lizards
  8 rats
99 creatures vanquished.

Notes
Turn   | Place    | Note
-------+----------+-------------------------------------------
     0 | D:1      | Arum the Formicid Fighter began the quest for the Orb.
     0 | D:1      | Reached XP level 1. HP: 18/18 MP: 1/1
    61 | D:1      | Reached XP level 2. HP: 21/24 MP: 2/2
   200 | D:1      | Reached skill level 4 in Shields
   332 | D:1      | Reached XP level 3. HP: 23/30 MP: 3/3
   846 | D:2      | Noticed Ijyb
   855 | D:2      | Killed Ijyb
   855 | D:2      | Reached XP level 4. HP: 34/37 MP: 4/4
  1316 | D:3      | Found a shattered altar of Ashenzari.
  1339 | D:3      | Reached XP level 5. HP: 43/43 MP: 5/5
  1577 | D:3      | Found a basalt altar of Yredelemnul.
  1794 | D:4      | Noticed Eustachio
  1818 | D:4      | Killed Eustachio
  1818 | D:4      | Reached skill level 5 in Fighting
  1818 | D:4      | Reached skill level 5 in Shields
  1818 | D:4      | Reached XP level 6. HP: 27/51 MP: 6/6
  2131 | D:4      | Identified the Papyrus of Boosting Displacement
  2163 | D:4      | Found a transporter.
  2259 | D:4      | Found a transporter.
  2347 | D:4      | Reached XP level 7. HP: 40/56 MP: 7/7
  2535 | D:5      | Entered Level 5 of the Dungeon
  2540 | D:5      | Reached skill level 6 in Shields
  2883 | D:5      | Found a staircase to the Ecumenical Temple.
  2892 | Temple   | Entered the Ecumenical Temple
  2911 | Temple   | Became a worshipper of Cheibriados the Contemplative
  2948 | D:5      | Reached skill level 5 in Staves
  3043 | D:5      | Reached XP level 8. HP: 64/64 MP: 8/8
  3199 | D:5      | Found Anlih's Gadget Boutique.
  3505 | D:6      | Reached skill level 7 in Shields
  3636 | D:6      | Reached * piety under Cheibriados
  3650 | D:6      | HP: 2/65 [orc warrior/+0 halberd of flaming (14)]
  3654 | D:6      | Mangled by an orc warrior

Levels and vault maps discovered:
D:1:      minmay_arrival_pointy, layout_basic, minmay_domino_2
D:2:      kennysheep_the_goblin_king, layout_loops_cross, serial_glass,
          glass_columns_b, glass_columns_b, item_on_display_a, feat_on_display,
          nrook_mini_backslash, mrwooster_statue_mirror
D:3:      layout_basic, lemuel_round_altar, first_ration, ashenzari_altar_1
D:4:      gammafunk_cloud_chamber, layout_basic, minmay_stone_trees_small,
          due_unseen_surprise, uniq_eustachio
D:5:      layout_loops_cross, minmay_temple_entry_junction_2, serial_shops, shop
D:6:      minmay_clustersquares, layout_cave_pools
Temple:   nicolae_temple_the_god_donut

Skill      XL: |  1  2  3  4  5  6  7  8 |
---------------+-------------------------+-----
Shields        | 4 5 6 7 |  7.5
Fighting       | 4 5 6 |  6.8
Staves         | 3 4 5 |  5.7
Armour         | |  3.2

Action                   |  1- 3 |  4- 6 |  7- 9 || total
-------------------------+-------+-------+-------++-------
Melee: Quarterstaff      |    77 |   149 |   123 ||   349
 Abil: Dig               |     2 |     2 |     2 ||     6
Evoke: Wand              |       |     1 |       ||     1
  Use: Scroll            |       |     1 |     1 ||     2
       Potion            |       |       |     5 ||     5
  Eat: Chunk             |       |     5 |     4 ||     9
Armor: Scale mail        |    14 |    82 |    26 ||   122
Dodge: Dodged            |    17 |    70 |    29 ||   116
Block: Shield            |    39 |   131 |    84 ||   254
